 Dungeon Crawl Stone Soup version 0.20-a0-507-gc86f373 (webtiles) character file.

57 polly the Skirmisher (level 3, -1/31 HPs)
             Began as a Minotaur Berserker on Jan 22, 2017.
             Was an Initiate of Hepliaklqana.
             Slain by a black bear (10 damage)
             ... created by the rage of Trog
             ... on level 2 of the Dungeon.
             The game lasted 00:06:22 (774 turns).

polly the Skirmisher (Minotaur Berserker)            Turns: 774, Time: 00:06:22

Health: -1/31      AC: 11    Str: 22    XL:     3   Next: 73%
Magic:  2/2        EV:  7    Int:  4    God:    Hepliaklqana [......]
Gold:   99         SH:  0    Dex:  9    Spells: 2/2 levels left

rFire    . . .     SeeInvis .   a - +0 hand axe
rCold    . . .     Gourm    .   e - +0 plate armour
rNeg     . . .     Faith    .   (no shield)
rPois    .         Spirit   .   (helmet restricted)
rElec    .         Reflect  .   (no cloak)
rCorr    .         Harm     .   (no gloves)
MR       .....                  (no boots)
Stlth    ..........             (no amulet)
Regen    0.1/turn               (no ring)
                                (no ring)

@: no status effects
A: retaliatory headbutt, reduced essence, horns 2
a: Recall Ancestor, Ancestor Identity, Renounce Religion


You were on level 2 of the Dungeon.
You worshipped Hepliaklqana.
Hepliaklqana was noncommittal.
You were not hungry.

You visited 1 branch of the dungeon, and saw 2 of its levels.

You collected 99 gold pieces.

Inventory:

Hand Weapons
 a - a +0 hand axe (weapon)
Armour
 b - a +0 animal skin
 e - a +0 plate armour (worn)
Jewellery
 m - an uncursed ring of resist corrosion {unknown}
Scrolls
 f - a scroll of identify {unknown}
 i - 2 scrolls of teleportation {unknown}
 j - a scroll of remove curse {unknown}
Potions
 d - 2 potions of heal wounds {unknown}
 g - a potion of haste {unknown}
 h - a potion of ambrosia {unknown}
 k - a potion of resistance {unknown}
 l - a potion of agility {unknown}
 n - a potion of curing {unknown}
Comestibles
 c - a bread ration


   Skills:
 * Level 4.8 Fighting
 + Level 4.1 Axes
 + Level 2.7 Armour
 + Level 2.7 Dodging


You had 2 spell levels left.
You didn't know any spells.

Dungeon Overview and Level Annotations

Branches:
Dungeon (2/15)

Altars:
Gozag
Hepliaklqana
Nemelex Xobeh
Ru


Innate Abilities, Weirdness & Mutations

You reflexively headbutt those who attack you in melee.
You have a pair of horns on your head.
Your life essence is reduced. (-10% HP)


Message History

Your plate armour prevents you from hitting the black bear.
You headbutt the black bear!
The black bear is moderately wounded.
You slash the black bear!
The black bear is heavily wounded.
The black bear barely misses you. x2
The black bear claws you but does no damage.
Blade hits the black bear.
You barely miss the black bear.
The black bear is heavily wounded.
You hit the black bear but do no damage.
You hit the black bear.
You hit the polar bear but do no damage.
The polar bear completely misses you. The polar bear claws you. x2
The black bear barely misses you. x2; The black bear claws you.
The black bear bites you. The black bear claws you.
* * * LOW HITPOINT WARNING * * *
The black bear claws you but does no damage.
The black bear bites you!
You die...

#.....# #..%..#
#.....# ###.....#
.......# #.....#
.###..hhh#####.
......h@R......
........######.
##...#..###
#.#......#### #
###..#....##>...#
##............#
#..####......#
..###
#..######....#
##...##
#......##...


You could see the friendly Blade the ancestor, a polar bear (berserk) and 3
black bears.

Vanquished Creatures
  3 adders (D:2)
  3 dart slugs
  A leopard gecko (D:1)
  3 giant cockroaches
  A goblin (D:2)
  4 hobgoblins
  A ball python (D:1)
  4 bats
  A kobold (D:2)
  4 rats
25 creatures vanquished.

Notes
Turn   | Place    | Note
-------+----------+-------------------------------------------
     0 | D:1      | polly the Minotaur Berserker began the quest for the Orb.
     0 | D:1      | Reached XP level 1. HP: 19/19 MP: 0/0
   243 | D:1      | Reached XP level 2. HP: 27/27 MP: 1/1
   300 | D:1      | Found a sparkling altar of Nemelex Xobeh.
   556 | D:2      | Reached XP level 3. HP: 34/34 MP: 2/2
   622 | D:2      | Found a sparkling altar of Nemelex Xobeh.
   623 | D:2      | Found an opulent altar of Gozag.
   658 | D:2      | Found a sacrificial altar of Ru.
   658 | D:2      | Found a hazy altar of Hepliaklqana.
   673 | D:2      | Fell from the grace of Trog
   673 | D:2      | Became a worshipper of Hepliaklqana the Forgotten
   772 | D:2      | Noticed a black bear
   772 | D:2      | Noticed a polar bear
   772 | D:2      | Noticed a black bear
   772 | D:2      | Noticed a black bear
   774 | D:2      | Slain by a black bear

Vault maps used:
D:1:      minmay_arrival_checkered_box, minmay_liquid_box, nemelex_altar_shiori
D:2:      kennysheep_big_flooded_room, grunt_temple_overflow_opulence,
          lemuel_doored_altar, chequers_temple_overflow_statue_of_worship,
          first_bread

Skill      XL: |  1  2  3 |
---------------+----------+-----
Fighting       | 4 |  4.8
Axes           | 4 |  4.1
Armour         | |  2.7
Dodging        | |  2.7

Action                   || total
-------------------------++-------
Melee: Hand axe          ||    45
       Headbutt          ||     7
Invok: Recall Ancestor   ||     1
       Ancestor Identity ||     1
 Stab: Distracted        ||     1
Armor: Plate armour      ||    29
Dodge: Dodged            ||    23
